 Dungeon Crawl Stone Soup version 0.28.0-1-gb440e238dd (webtiles) character file.

Game seed: 9545640095071557658

312 fragbeetle the Quickloader (level 6, -1/50 HPs)
             Began as a Minotaur Hunter on Feb 24, 2022.
             Was an Initiate of Hepliaklqana.
             Slain by a wyvern zombie (10 damage)
             ... in an ossuary.
             The game lasted 00:06:15 (3081 turns).

fragbeetle the Quickloader (Minotaur Hunter)        Turns: 3081, Time: 00:06:16

Health: -1/50      AC:  6    Str: 16    XL:     6   Next: 18%
Magic:  5/5        EV: 11    Int:  8    God:    Hepliaklqana [......]
Gold:   103        SH:  3    Dex: 13    Spells: 5/5 levels left

rFire   . . .      SeeInvis .   b - +2 dagger (speed)
rCold   . . .      Faith    .   s - +0 buckler
rNeg    . . .      Spirit   .   c - +0 leather armour
rPois   .          Reflect  .   (helmet restricted)
rElec   .          Harm     .   (no cloak)
rCorr   .          Rampage  .   h - +1 pair of gloves
Will    .....                   i - +0 pair of boots
Stlth   +.........              (no amulet)
HPRegen 0.16/turn               (no ring)
MPRegen 0.09/turn               (no ring)

@: no status effects
A: horns 2, retaliatory headbutt
a: Renounce Religion


You were in an ossuary.
You worshipped Hepliaklqana.
Hepliaklqana was noncommittal.
You visited 2 branches of the dungeon, and saw 5 of its levels.
You also visited: Ossuary.

You collected 103 gold pieces.

Inventory:

Hand Weapons
 a - a +1 hand crossbow
 b - a +2 dagger of speed (weapon)
 p - a +0 short sword
Missiles
 d - 33 bolts
Armour
 c - a +0 leather armour (worn)
 h - a +1 pair of gloves (worn)
 i - a +0 pair of boots (worn)
 s - a +0 buckler (worn)
Jewellery
 l - a ring of fire
Wands
 j - a wand of polymorph (11)
Scrolls
 e - 4 scrolls of identify {unknown}
 f - 2 scrolls of vulnerability {unknown}
 k - a scroll of summoning {unknown}
 r - a scroll of teleportation {unknown}
 t - a scroll of fear {unknown}
Potions
 n - a potion of curing {unknown}
 o - a potion of flight {unknown}
 q - a potion of degeneration {unknown}


   Skills:
 - Level 2.4 Fighting
 + Level 8.2 Crossbows
 - Level 2.1 Dodging
 - Level 0.7 Stealth


You had 5 spell levels left.
You didn't know any spells.
Your spell library contained the following spells:

 Spells                   Type           Power      Damage    Failure   Level
 Beastly Appendage        Tmut           0%         N/A       58%         1
 Sting                    Tmut/Pois      0%         1d3       58%         1
 Sublimation of Blood     Necr           0%         N/A       73%         2
 Wereblood                Tmut           0%         N/A       73%         2
 Spider Form              Tmut/Pois      0%         N/A       91%         3
 Summon Hydra             Summ           0%         N/A       100%        7


Dungeon Overview and Level Annotations

Branches:
Dungeon (4/15)             Temple (1/1) D:4         Ossuary (1/1)

Altars:
Ashenzari
Cheibriados
Dithmenos
Elyvilon
Gozag
Hepliaklqana
Kikubaaqudgha
Nemelex Xobeh
Okawaru
Qazlal
Ru
Sif Muna
Trog
Uskayaw
Vehumet
Wu Jian
Xom
Yredelemnul
The Shining One

Shops:
D:3 =


Innate Abilities, Weirdness & Mutations

You have a pair of horns on your head.
You reflexively headbutt those who attack you in melee.


Message History

You are too injured to fight recklessly!
You are too injured to fight recklessly!
You are too injured to fight recklessly!
You puncture the howler monkey zombie! You headbutt the howler monkey zombie!
You destroy the howler monkey zombie!
You puncture the mummy!
The mummy is moderately damaged.
You puncture the mummy!
The mummy is severely damaged.
The mummy barely misses you. You furiously retaliate!
You headbutt the mummy!
You destroy the mummy!
You start resting.
You feel a little less mighty now.
You start resting.
A wyvern zombie comes into view.
There is an empty arch of ancient stone here.
You completely miss the wyvern zombie.
The wyvern zombie bites you but does no damage.
You completely miss the wyvern zombie. You headbutt the wyvern zombie!
The wyvern zombie is lightly damaged.
The wyvern zombie bites you!
You barely miss the wyvern zombie. Your headbutt misses the wyvern zombie.
The wyvern zombie is lightly damaged.
The wyvern zombie bites you but does no damage.
You hit the wyvern zombie. You headbutt the wyvern zombie!
The wyvern zombie is heavily damaged.
You barely miss the wyvern zombie. You headbutt the wyvern zombie!
The wyvern zombie is severely damaged.
The wyvern zombie bites you!
* * * LOW HITPOINT WARNING * * *
You barely miss the wyvern zombie.
The wyvern zombie is severely damaged.
The wyvern zombie bites you.
* * * LOW HITPOINT WARNING * * *
It was a potion of magic.
Magic courses through your body.
The wyvern zombie bites you but does no damage.
You hit the wyvern zombie. You headbutt the wyvern zombie.
The wyvern zombie is almost destroyed.
The wyvern zombie bites you!
You die...

≈#≈#≈# ####≈≈≈≈#
#.≈(#
≈≈≈#+#.≈(#+#≈#+#
≈≈..≈..≈...≈≈...
##≈≈##≈##+##+##
#.. #...# ##
#Z∩.# #@.∩#
#####


You could see a wyvern zombie.

Vanquished Creatures
  A necrophage (D:4)
  4 mummies (Ossuary)
  A killer bee zombie (Ossuary)
  A howler monkey zombie (Ossuary)
  3 adders
  An adder skeleton (D:3)
  3 worms
  2 dart slugs
  5 orcs (D:3)
  An endoplasm (D:4)
  5 giant cockroaches
  5 goblins
  7 hobgoblins
  7 jackals (D:1)
  9 kobolds
  A quokka (D:4)
  7 ball pythons
  3 bats
  4 frilled lizards
  4 rats
  A butterfly (D:3)
75 creatures vanquished.

Vanquished Creatures (others)
  A plant (D:1)
  6 withered plants
7 creatures vanquished.

Grand Total: 82 creatures vanquished

Notes
Turn   | Place    | Note
-------+----------+-------------------------------------------
     0 | D:1      | fragbeetle the Minotaur Hunter began the quest for the Orb.
     0 | D:1      | Reached XP level 1. HP: 18/18 MP: 0/0
   103 | D:1      | Reached XP level 2. HP: 24/25 MP: 1/1
   104 | D:1      | Reached skill level 5 in Crossbows
   119 | D:1      | Found a faded altar of an unknown god.
   123 | D:1      | Got Plato's Handbook of Moulding
   561 | D:1      | Reached XP level 3. HP: 30/30 MP: 2/2
  1389 | D:2      | Reached skill level 6 in Crossbows
  1625 | D:2      | Reached XP level 4. HP: 37/37 MP: 3/3
  1976 | D:3      | Found a shimmering altar of Xom.
  2046 | D:3      | Found Vadok's Jewellery Boutique.
  2707 | D:4      | Noticed a necrophage
  2721 | D:4      | Killed a necrophage
  2722 | D:4      | Reached skill level 7 in Crossbows
  2722 | D:4      | Reached XP level 5. HP: 42/42 MP: 4/4
  2788 | D:4      | Found a staircase to the Ecumenical Temple.
  2797 | Temple   | Entered the Ecumenical Temple
  2843 | Temple   | Became a worshipper of Hepliaklqana the Forgotten
  2939 | D:4      | Found a sand-covered staircase.
  2946 | Ossuary  | Entered an ossuary
  2990 | Ossuary  | Reached skill level 8 in Crossbows
  2990 | Ossuary  | Reached XP level 6. HP: 23/50 MP: 5/5
  3081 | Ossuary  | Slain by a wyvern zombie

Illustrated notes

Levels and vault maps discovered:
D:1:      dpeg_arrival_houses_and_road, layout_basic,
          shapermc_ecumenical_altar_rom_forum, minmay_pentomino_q2
D:2:      layout_basic
D:3:      layout_basic, xom_butterflies, serial_shops, shop, serial_undead,
          serial_undead_d, serial_undead_f, serial_undead_b, serial_undead_b
D:4:      layout_basic, minmay_temple_entry_antechambers,
          chequers_ossuary_entry_cave, minmay_quadrilaterals, uniq_edmund
Temple:   compressed_dpeg_triangle_lava_temple
Ossuary:  ossuary_zaba_flooded

Skill      XL: |  1  2  3  4  5 |
---------------+----------------+-----
Crossbows      | 5 6 7 8 |  8.2
Fighting       | |  2.4
Dodging        | |  2.1
Stealth        | |  0.7

Action                   |  1- 3 |  4- 6 || total
-------------------------+-------+-------++-------
Melee: Short sword       |    94 |    47 ||   141
       Headbutt          |     9 |    21 ||    30
       Punch             |     1 |       ||     1
       Dagger            |       |    46 ||    46
 Fire: Hand crossbow     |     6 |    11 ||    17
  Use: Potion            |       |     2 ||     2
 Stab: Sleeping          |     2 |     1 ||     3
Armor: Leather armour    |    20 |    28 ||    48
Dodge: Dodged            |    55 |    41 ||    96
